 Dungeon Crawl Stone Soup version 0.25.0-9-g26727b657a (webtiles) character file.

Game seed: 8031336909454814555

105215 Delamore the Bludgeoner (level 16, -3/108 HPs)
             Began as a Gargoyle Fighter on June 18, 2020.
             Was the Champion of Okawaru.
             Slain by a deep troll (17 damage)
             ... on level 3 of the Depths.
             The game lasted 00:48:19 (26419 turns).

Delamore the Bludgeoner (Gargoyle Fighter)         Turns: 26419, Time: 00:48:19

Health: -3/108     AC: 43    Str: 30    XL:     16   Next: 40%
Magic:  23/23      EV:  8    Int: 12    God:    Okawaru [******]
Gold:   1192       SH: 25    Dex:  9    Spells: 15/15 levels left

rFire    + . .     SeeInvis .   h - +4 eveningstar (protect)
rCold    + + +     Gourm    .   V - +2 kite shield {rC+}
rNeg     + . .     Faith    .   I - +0 plate armour
rPois    ∞         Spirit   .   m - +1 helmet
rElec    +         Reflect  +   H - scarf {rC+ rF+}
rCorr    .         Harm     .   t - +2 pair of gloves
MR       +....                  a - +0 pair of boots of Qeplaech {Int+2}
Stlth    ..........             W - amulet of reflection
HPRegen  0.28/turn              v - +6 ring of strength
MPRegen  0.18/turn              M - ring of protection from cold (curse)

@: mighty, protection aura
A: big wings, large bone plates 1, slimy green scales 1, cold resistance 1,
negative energy resistance 1, electricity resistance, weak 1, wild magic 1,
unbreathing, petrification resistance, no potion heal 1, rot immunity, AC +12
a: Fly, Heroism, Finesse, Renounce Religion


You were on level 3 of the Depths.
You worshipped Okawaru.
Okawaru was exalted by your worship.
You were not hungry.

You visited 3 branches of the dungeon, and saw 19 of its levels.

You collected 1192 gold pieces.

Inventory:

Hand Weapons
 h - a +4 eveningstar of protection (weapon)
 r - a +7 great mace of draining
 G - the +5 flail "Qyehan" {drain, rC+ Str+4 Dex+6}
   (Okawaru gifted it to you on level 2 of the Depths)

   A truly terrible weapon, it drains the life of those it strikes.
   It affects your strength (+4).
   It affects your dexterity (+6).
   It protects you from cold.
 R - a +8 demon whip of protection
 S - a +2 whip of holy wrath
Missiles
 j - 23 stones
 N - 6 atropa-tipped darts
 P - a throwing net (quivered)
 X - 4 boomerangs of dispersal
Armour
 a - the +0 pair of boots of Qeplaech (worn) {Int+2}
   (Okawaru gifted it to you on level 1 of the Depths)

   It affects your intelligence (+2).
 m - a +1 helmet (worn)
 t - a +2 pair of gloves (worn)
 H - a scarf of resistance (worn)
 I - a +0 plate armour (worn)
 V - a +2 kite shield of cold resistance (worn)
Jewellery
 v - a +6 ring of strength (left hand)
 M - a cursed ring of protection from cold (right hand)
 W - an amulet of reflection (around neck)
Wands
 q - a wand of enslavement (10)
 D - a wand of disintegration (27)
 F - a wand of polymorph (15)
 J - a wand of paralysis (10)
 L - a wand of acid (10)
 O - a wand of clouds (3)
 T - a wand of flame (8)
 U - a wand of iceblast (12)
Scrolls
 b - a scroll of blinking
 c - a scroll of summoning {unknown}
 e - 3 scrolls of immolation
 g - 4 scrolls of amnesia
 i - a scroll of enchant armour
 k - 2 scrolls of fog
 o - 6 scrolls of teleportation
 w - 2 scrolls of noise
 x - 10 scrolls of remove curse
 y - a scroll of random uselessness
 C - 4 scrolls of magic mapping
 K - a scroll of vulnerability
Potions
 l - 7 potions of curing
 n - a potion of haste
 p - a potion of ambrosia
 u - a potion of degeneration
 z - 4 potions of brilliance
 A - a potion of berserk rage
 B - 3 potions of stabbing
 E - 2 potions of flight
 Q - a potion of magic
Comestibles
 f - 26 rations


   Skills:
 * Level 15.0 Fighting
 - Level 17.0 Maces & Flails
 + Level 10.7 Armour
 + Level 14.0 Shields
 - Level 10.4 Invocations


You had 15 spell levels left.
You didn't know any spells.
Your spell library contained the following spells:

 Spells                   Type           Power        Failure   Level  Hunger
 Sandblast                Erth           #.....       97%         1    ##.....
 Passwall                 Tmut/Erth      #.......     99%         2    ###....
 Stone Arrow              Conj/Erth      #.....       100%        3    ####...
 Petrify                  Tmut/Erth      #.......     100%        4    #####..
 Lee's Rapid Deconstruct  Erth           #.........   100%        5    ######.


Dungeon Overview and Level Annotations

Branches:
Dungeon (15/15)            Temple (1/1) D:7            Lair (0/6) D:10
    Orc (0/2) D:11         Vaults (0/5) D:13         Depths (3/5) D:15

Altars:
Ashenzari
Cheibriados
Dithmenos
Elyvilon
Fedhas
Gozag
Hepliaklqana
Kikubaaqudgha
Makhleb
Nemelex Xobeh
Okawaru
Qazlal
Ru
Sif Muna
Trog
Uskayaw
Vehumet
Wu Jian
Xom
Yredelemnul
Zin
The Shining One

Shops:
D:7 %   D:15 (

Portals:
Hell: Depths:1 Depths:2
Pandemonium: Depths:1

Annotations:
D:6 1 runed translucent door
D:8 3 runed translucent doors, brujo666's ghost, novice DsFi
D:14 Roxanne


Innate Abilities, Weirdness & Mutations

You are resistant to torment.
Your stone body is resilient. (AC +12)
You are immune to poison.
Your large and strong wings let you fly indefinitely.
You resist negative energy. (rN+)
You are resistant to electric shocks. (rElec)
You can survive without breathing.
You are immune to petrification.
You are immune to rotting.
You are partially covered in large bone plates. (SH +4)
You are partially covered in slimy green scales. (AC +2)
Your flesh is cold resistant. (rC+)
You are weak. (Str -2)
Your spells are a little harder to cast, but a little more powerful.
Potions are less effective at restoring your health.


Message History

The deep troll bites you but does no damage.
The deep troll claws you but does no damage.
You block the deep troll's attack.
The deep troll bites you but does no damage.
The deep troll completely misses you. The deep troll barely misses you.
You block the deep troll shaman's attack.
The deep troll shaman claws you but does no damage.
You block the deep troll shaman's attack.
You puncture the deep troll shaman!
The deep troll shaman is almost dead.
You block the deep troll's attack. x2
The deep troll claws you but does no damage.
The deep troll bites you!
* * * LOW HITPOINT WARNING * * *
You block the deep troll's attack. x2; The deep troll barely misses you.
The deep troll claws you but does no damage. x2
You closely miss the deep troll shaman.
The deep troll shaman is almost dead.
You block the deep troll's attack. The deep troll claws you!
You die...

## #.# . . ...
..##. #.# .....
^...##.# ^...
#.....# # ...#
#....T###.#.#
#..#
#....TT.....##
#..#
###....@T......
#..#
#.....T########
#..# #.####.#
####..# #.# #.#
...)..# ##.####.#
####.####...^...#
...........######
.###.#.##.##
#.#.##.#


You could see 3 deep trolls and 2 deep troll shamans.

Vanquished Creatures
  A tentacled monstrosity (Depths:2)
  Asterion (Depths:2)
  A shadow dragon (Depths:2)
  A cacodemon (Depths:1)
  A spriggan defender (D:15)
  10 very ugly things
  A stone giant (Depths:1)
  2 vampire knights (Depths:1)
  A spark wasp (Depths:2)
  2 ettins (Depths:1)
  2 yaktaur captains (Depths:1)
  3 great orbs of eyes
  2 fire dragons
  2 vault guards
  A hydra (D:12)
  2 rakshasas
  4 ice dragons
  Erolcha (D:9)
  A spriggan air mage (D:15)
  A catoblepas (D:15)
  3 centaur warriors
  8 two-headed ogres
  A vampire mage (D:15)
  6 deep troll shamans (Depths:1)
  An ogre mage (D:15)
  2 deep troll earth magi
  A spriggan berserker (Depths:1)
  3 tengu warriors
  Nergalle (D:11)
  4 iron trolls
  5 skeletal warriors (D:15)
  A gelid demonspawn (Depths:1)
  2 unseen horrors
  A glowing orange brain (D:15)
  4 wizards
  7 deep trolls
  2 deep elf magi (D:15)
  3 necromancers
  2 manticores
  An orc sorcerer (D:15)
  A frost giant zombie (Depths:1)
  5 cyclopes
  20 ugly things
  A fire giant skeleton (Depths:1)
  2 naga magi (D:15)
  3 gargoyles
  Psyche (D:9)
  Joseph (D:9)
  7 yaktaurs
  A yaktaur (shapeshifter) (D:15)
  A freezing wraith (D:14)
  A komodo dragon (D:15)
  3 centaur skeletons
  An ice devil (Depths:1)
  4 tengu conjurers
  A queen bee (D:12)
  The ghost of nojaa the Magician, a novice DECK of Xom (D:5)
  A red devil (Depths:1)
  3 hornets
  3 trolls
  An ettin zombie (Depths:1)
  13 slime creatures
  Grinder (D:4)
  A frost giant simulacrum (Depths:1)
  2 hippogriffs
  2 spriggans
  A shadow (D:13)
  3 wraiths
  10 yaks
  3 vampires
  19 humans (D:13)
  A yak (shapeshifter) (Depths:1)
  2 chaos spawn (Depths:1)
  4 vampire mosquitoes (D:12)
  3 acid dragons
  A water moccasin (D:5)
  A black bear (D:10)
  Duvessa (D:7)
  12 orc warriors
  A hornet zombie (D:15)
  2 ice beasts
  2 phantoms
  2 sky beasts
  9 ogres
  6 centaurs
  7 big kobolds
  3 gnoll sergeants (D:11)
  11 bullfrogs
  2 wyvern skeletons
  2 scorpions
  Dowan (D:7)
  A water moccasin skeleton (D:11)
  15 killer bees
  8 wights
  A howler monkey (D:11)
  7 crimson imps
  4 centaur zombies
  A bullfrog zombie (D:11)
  Crazy Yiuf (D:2)
  4 jellies
  6 orc priests
  6 hounds
  A bullfrog skeleton (D:13)
  10 orc wizards
  Jessica (D:2)
  5 iguanas
  Terence (D:3)
  Natasha (twice) (D:2)
  11 worker ants
  A hound zombie (D:10)
  2 hound skeletons
  A howler monkey zombie (D:9)
  9 gnolls
  A river rat (D:6)
  13 adders
  5 shadow imps
  3 white imps (Depths:1)
  3 ufetubi (Depths:1)
  An ooze (D:1)
  An adder skeleton (D:4)
  3 worms
  2 dart slugs
  4 leopard geckos
  53 orcs
  8 bats
  5 giant cockroaches
  7 goblins
  5 hobgoblins
  9 jackals
  5 quokkas
  2 ball pythons
  6 frilled lizards
  A jackal skeleton (D:7)
  A jackal zombie (D:8)
  20 kobolds
  A quokka skeleton (D:5)
  10 rats
  A fungus (D:2)
556 creatures vanquished.

Vanquished Creatures (others)
  An orc priest (D:15)
  A giant cockroach (D:6)
2 creatures vanquished.

Grand Total: 558 creatures vanquished

Notes
Turn   | Place    | Note
-------+----------+-------------------------------------------
     0 | D:1      | Delamore the Gargoyle Fighter began the quest for the Orb.
     0 | D:1      | Reached XP level 1. HP: 14/14 MP: 1/1
    96 | D:1      | Reached XP level 2. HP: 19/19 MP: 2/2
   128 | D:1      | Reached skill level 3 in Maces & Flails
   437 | D:1      | Reached XP level 3. HP: 23/23 MP: 3/3
  1101 | D:2      | Reached skill level 4 in Maces & Flails
  1137 | D:2      | Noticed Jessica
  1143 | D:2      | Killed Jessica
  1143 | D:2      | Reached XP level 4. HP: 26/28 MP: 4/4
  1242 | D:2      | Noticed Natasha
  1251 | D:2      | Killed Natasha
  1525 | D:2      | Reached skill level 5 in Maces & Flails
  1525 | D:2      | Reached XP level 5. HP: 30/32 MP: 3/5
  1638 | D:2      | Noticed Natasha
  1648 | D:2      | Killed Natasha
  1867 | D:2      | Found a runed translucent door.
  1868 | D:2      | Noticed Crazy Yiuf
  1876 | D:2      | Killed Crazy Yiuf
  2138 | D:3      | Noticed Terence
  2150 | D:3      | Killed Terence
  2204 | D:3      | Reached skill level 6 in Maces & Flails
  2247 | D:3      | Reached XP level 6. HP: 35/37 MP: 4/6
  2872 | D:4      | Noticed a phantom
  2904 | D:4      | Killed a phantom
  2904 | D:4      | Reached skill level 7 in Maces & Flails
  2904 | D:4      | Reached XP level 7. HP: 39/41 MP: 7/7
  3126 | D:4      | Noticed Grinder
  3126 | D:4      | Paralysed by Grinder for 6 turns
  3153 | D:4      | Paralysed by Grinder for 3 turns
  3171 | D:4      | Killed Grinder
  3171 | D:4      | Reached skill level 8 in Maces & Flails
  3618 | D:5      | Entered Level 5 of the Dungeon
  3700 | D:5      | Reached skill level 9 in Maces & Flails
  3700 | D:5      | Reached XP level 8. HP: 41/46 MP: 8/8
  4091 | D:5      | Found a sacrificial altar of Ru.
  4312 | D:6      | Reached skill level 10 in Maces & Flails
  4345 | D:6      | Found a shattered altar of Ashenzari.
  4357 | D:6      | Found a runed translucent door.
  4384 | D:6      | Noticed nojaa's ghost (novice DECK)
  4467 | D:6      | Found a runed translucent door.
  5059 | D:5      | Killed nojaa's ghost
  5105 | D:6      | Reached skill level 11 in Maces & Flails
  5203 | D:7      | Found a staircase to the Ecumenical Temple.
  5295 | Temple   | Entered the Ecumenical Temple
  5439 | Temple   | Became a worshipper of Warmaster Okawaru
  5539 | D:7      | Reached XP level 9. HP: 41/51 MP: 6/9
  5661 | D:7      | Noticed Dowan
  5676 | D:7      | Noticed Duvessa
  5681 | D:7      | Killed Dowan
  5694 | D:7      | Killed Duvessa
  5887 | D:7      | Found Wazelleo's Food Shop.
  6209 | D:8      | Reached skill level 12 in Maces & Flails
  6225 | D:8      | Reached * piety under Okawaru
  6497 | D:8      | Noticed brujo666's ghost (novice DsFi)
  6695 | D:8      | Found a runed translucent gate.
  6695 | D:8      | Found a runed translucent gate.
  6695 | D:8      | Found a runed translucent gate.
  6946 | D:8      | Found a shadowy altar of Dithmenos.
  7221 | D:8      | Reached skill level 13 in Maces & Flails
  7377 | D:9      | Reached ** piety under Okawaru
  7791 | D:9      | Noticed Joseph
  7813 | D:9      | Killed Joseph
  7813 | D:9      | Reached XP level 10. HP: 12/56 MP: 2/10
  8113 | D:9      | Noticed Erolcha
  8116 | D:9      | Noticed Psyche
  8122 | D:9      | Killed Erolcha
  8122 | D:9      | Reached *** piety under Okawaru
  8122 | D:9      | Reached skill level 14 in Maces & Flails
  8133 | D:9      | Killed Psyche
  8590 | D:10     | Entered Level 10 of the Dungeon
  9056 | D:10     | Found an iron altar of Okawaru.
  9368 | D:10     | Found a staircase to the Lair.
  9870 | D:10     | Reached **** piety under Okawaru
  9940 | D:10     | Reached skill level 15 in Maces & Flails
 10482 | D:11     | Noticed a manticore
 10498 | D:11     | Killed a manticore
 10498 | D:11     | Received a gift from Okawaru
 10681 | D:11     | You fall into a shaft and drop 1 floor!
 10714 | D:12     | Reached XP level 11. HP: 57/60 MP: 9/11
 10738 | D:12     | Noticed a cyclops
 11098 | D:11     | Noticed a red ugly thing
 11099 | D:11     | Noticed Nergalle
 11113 | D:11     | Killed Nergalle
 11113 | D:11     | Reached skill level 16 in Maces & Flails
 11122 | D:11     | Killed a red ugly thing
 11122 | D:11     | Reached ***** piety under Okawaru
 11310 | D:11     | Found a staircase to the Orcish Mines.
 11687 | D:12     | Killed a cyclops
 11687 | D:12     | Received a gift from Okawaru
 12142 | D:12     | Noticed a cyclops
 12177 | D:12     | Noticed a six-headed hydra
 12372 | D:12     | Reached skill level 17 in Maces & Flails
 12658 | D:12     | Killed a six-headed hydra
 12910 | D:12     | Killed an unseen horror
 12927 | D:12     | Received a gift from Okawaru
 12927 | D:12     | Reached skill level 5 in Fighting
 12927 | D:12     | Reached skill level 5 in Shields
 12936 | D:12     | Reached XP level 12. HP: 54/68 MP: 10/12
 13754 | D:13     | Noticed a centaur warrior
 14185 | D:13     | Killed a centaur warrior
 14661 | D:12     | Received a gift from Okawaru
 15223 | D:13     | Noticed a centaur warrior
 15232 | D:13     | Killed a centaur warrior
 15369 | D:13     | Reached ****** piety under Okawaru
 15758 | D:13     | Reached XP level 13. HP: 80/80 MP: 13/13
 15790 | D:13     | Noticed a vault guard
 15817 | D:13     | Killed a vault guard
 15817 | D:13     | Received a gift from Okawaru
 15820 | D:13     | Reached skill level 10 in Fighting
 15820 | D:13     | Reached skill level 10 in Shields
 15905 | D:13     | Noticed a vault guard
 16122 | D:12     | Killed a vault guard
 16249 | D:13     | Found a gate to the Vaults.
 17117 | D:14     | Identified Roxanne's Handbook of Transmigration
 17117 | D:14     | Noticed Roxanne
 17355 | D:14     | Received a gift from Okawaru
 17399 | D:14     | Found a snail-covered altar of Cheibriados.
 17453 | D:15     | Entered Level 15 of the Dungeon
 18348 | D:15     | Found Heryxkow's Antique Weapon Shoppe.
 18416 | D:15     | Received a gift from Okawaru
 18612 | D:15     | Gained mutation: Your large and strong wings let you fly
                  | indefinitely. [Gargoyle growth]
 18612 | D:15     | Reached XP level 14. HP: 63/92 MP: 10/14
 18614 | D:15     | Reached skill level 5 in Armour
 19590 | D:15     | Received a gift from Okawaru
 19838 | D:15     | Found a staircase to the Depths.
 19843 | Depths:1 | Entered Level 1 of the Depths
 19861 | Depths:1 | Noticed a spriggan defender
 20059 | D:15     | Killed a spriggan defender
 20059 | D:15     | Received a gift from Okawaru
 21307 | Depths:1 | Reached skill level 1 in Invocations
 21699 | Depths:1 | Noticed a green very ugly thing
 21699 | Depths:1 | Noticed a red very ugly thing
 21699 | Depths:1 | Noticed a green very ugly thing
 21699 | Depths:1 | Noticed a green very ugly thing
 21700 | Depths:1 | Noticed a red very ugly thing
 21739 | Depths:1 | Killed a green very ugly thing
 21750 | Depths:1 | Killed a white very ugly thing
 21760 | Depths:1 | Killed a purple very ugly thing
 21760 | Depths:1 | Reached skill level 5 in Invocations
 21764 | Depths:1 | Reached XP level 15. HP: 67/98 MP: 11/19
 21783 | Depths:1 | Received a gift from Okawaru
 21811 | Depths:1 | Got a faintly glowing robe {god gift}
 22109 | Depths:1 | Paralysed by a vampire knight for 7 turns
 22122 | Depths:1 | Paralysed by something for 5 turns
 22140 | Depths:1 | Paralysed by something for 7 turns
 22147 | Depths:1 | HP: 1/98 [something (16)]
 22984 | Depths:1 | Reached skill level 10 in Invocations
 23405 | Depths:1 | Noticed a cacodemon
 23407 | Depths:1 | Gained mutation: You are weak. (Str -2) [a cacodemon]
 23417 | Depths:1 | Killed a cacodemon
 23451 | Depths:1 | Found a one-way gate leading to the halls of Pandemonium.
 23554 | Depths:1 | Found a gateway to Hell.
 23595 | Depths:1 | Received a gift from Okawaru
 23606 | Depths:1 | Got a pair of spiked boots {god gift}
 23612 | Depths:1 | Identified the +0 pair of boots of Qeplaech {Int+2}
                  | (Okawaru gifted it to you on level 1 of the Depths)
 24887 | Depths:2 | Noticed a fire giant
 24888 | Depths:2 | Noticed a shadow dragon
 24904 | Depths:2 | Noticed a frost giant
 25479 | Depths:1 | Reached skill level 10 in Armour
 25561 | Depths:2 | Noticed a shadow dragon
 25575 | Depths:1 | Lost mutation: You are weak. (Str -2) [potion of mutation]
 25575 | Depths:1 | Gained mutation: Your spells are a little harder to cast,
                  | but a little more powerful. [potion of mutation]
 25575 | Depths:1 | Gained mutation: You are weak. (Str -2) [potion of
                  | mutation]
 25575 | Depths:1 | Gained mutation: You are partially covered in slimy green
                  | scales. (AC +2) [potion of mutation]
 25575 | Depths:1 | Gained mutation: You have sharp toenails. [potion of
                  | mutation]
 25576 | Depths:1 | Lost mutation: You have sharp toenails. [potion of
                  | mutation]
 25576 | Depths:1 | Gained mutation: Potions are less effective at restoring
                  | your health. [potion of mutation]
 25576 | Depths:1 | Gained mutation: Your flesh is cold resistant. (rC+)
                  | [potion of mutation]
 25576 | Depths:1 | Gained mutation: You are partially covered in large bone
                  | plates. (SH +4) [potion of mutation]
 25612 | Depths:2 | Killed a shadow dragon
 25612 | Depths:2 | Reached XP level 16. HP: 94/106 MP: 20/23
 25826 | Depths:2 | Noticed a tentacled monstrosity
 25843 | Depths:2 | Killed a tentacled monstrosity
 25843 | Depths:2 | Received a gift from Okawaru
 25844 | Depths:2 | Got an encrusted flail {god gift}
 25845 | Depths:2 | Identified the +5 flail "Qyehan" {drain, rC+ Str+4 Dex+6}
                  | (Okawaru gifted it to you on level 2 of the Depths)
 26049 | Depths:2 | Noticed Asterion
 26067 | Depths:2 | Killed Asterion
 26089 | Depths:2 | Noticed a tengu reaver
 26406 | Depths:3 | Reached skill level 15 in Fighting
 26419 | Depths:3 | Slain by a deep troll

Illustrated notes

Levels and vault maps discovered:
D:1:      heliophobic_arrival_ceremonial_halls, layout_basic, hex_intersection
D:2:      layout_basic, first_ration, uniq_crazy_yiuf_cottage, uniq_jessica,
          uniq_natasha
D:3:      layout_loops_cross, uniq_terence
D:4:      layout_gridville, uniq_grinder
D:5:      layout_cave_pools, nicolae_ru_sacrificial_ziggurat
D:6:      layout_gridville, basic_altar, ebering_ghost_sewer_f, serial_rivers,
          chequers_serial_rivers_small_a, chequers_serial_rivers_room_b,
          chequers_serial_rivers_marsh, chequers_serial_rivers_micro_d,
          chequers_serial_rivers_small_3, chequers_serial_rivers_small_3
D:7:      layout_loops_ring, minmay_temple_entry_grid, serial_shops,
          kennysheep_little_box, uniq_duvessa
D:8:      layout_loops_ring, lemuel_doored_altar, gammafunk_ghost_icy,
          serial_bayou_pond_d
D:9:      layout_long_grid, uniq_psyche, uniq_joseph, uniq_erolcha
D:10:     layout_stronghold, lair_entry_dummy, basic_altar
D:11:     layout_irregular_city, kennysheep_orc_monster_closet_entryway,
          serial_column_ruins, column_ruins_courtyard_long,
          column_ruins_square_small, column_ruins_columns_T,
          column_ruins_open_tiny, column_ruins_grid_1, column_ruins_open_tiny,
          column_ruins_grid_1, uniq_nergalle
D:12:     layout_basic, david_nohive_1
D:13:     layout_rooms, grunt_vaults_entry_tiered
D:14:     layout_roguey, basic_altar, nrook_uturn, uniq_roxanne
D:15:     grunt_enter_depths_magical_seal, layout_layer_cave, serial_shops,
          nicolae_shop_temple_entry_statues_fountains, serial_rivers,
          chequers_serial_rivers_micro_e, chequers_serial_rivers_micro_c,
          chequers_serial_rivers_room_b, chequers_serial_rivers_micro_e,
          chequers_serial_rivers_micro_e
Temple:   kilobyte_greek_temple
Depths:1: layout_roguey, grunt_pan_entry_spiral, hell_entry,
          kennysheep_crisscross, minivault_10, nooodl_food_tri
Depths:2: minmay_the_grid_four_pointed_star_mashed
          [minmay_the_grid_triangle_9x9_from_above,
          minmay_the_grid_triangle_9x9_empty,
          minmay_the_grid_triangle_9x9_subtriangle,
          minmay_the_grid_triangle_9x9_swiss_cheese,
          minmay_the_grid_prize_four_corners_diamond_b], layout_honeycomb,
          hell_entry, fountainhead, gammafunk_ghost_crypt, uniq_enchantress,
          uniq_asterion, uniq_bai_suzhen
Depths:3: evilmike_library_of_no_secrets, layout_basic, gammafunk_ghost_icy,
          rand_demon_pan_entry_9, hell_entry, nrook_campfire

Skill      XL: |  1  2  3  4  5  6  7  8  9 10 11 12 13 14 15 16 |
---------------+-------------------------------------------------+-----
Maces & Flails | 3 4 5 6 7 9 11 13 15 17 | 17.0
Fighting       | 5 9 12 13 14 15 | 15.0
Shields        | 5 9 12 13 14 | 14.0
Armour         | 4 9 10 | 10.7
Invocations    | 5 10 | 10.4

Action                   |  1- 3 |  4- 6 |  7- 9 | 10-12 | 13-15 | 16-18 || total
-------------------------+-------+-------+-------+-------+-------+-------++-------
Melee: Flail             |   118 |   252 |   492 |   725 |       |       ||  1587
       Great mace        |       |       |       |   202 |   123 |       ||   325
       Demon whip        |       |       |       |       |   244 |       ||   244
       Eveningstar       |       |       |       |       |   716 |   168 ||   884
Throw: Throwing net      |       |       |       |     1 |       |       ||     1
Invok: Heroism           |       |       |       |     4 |     1 |       ||     5
       Finesse           |       |       |       |     2 |     2 |     1 ||     5
Evoke: Wand              |       |       |     9 |     3 |     3 |       ||    15
  Use: Scroll            |       |       |    11 |     3 |    20 |     1 ||    35
       Potion            |       |       |       |     4 |     4 |     2 ||    10
  Eat: Chunk             |     1 |     6 |    16 |    12 |    20 |       ||    55
       Ration            |       |       |       |     4 |     4 |     1 ||     9
Armor: Scale mail        |    84 |    34 |       |       |       |       ||   118
       Chain mail        |       |   108 |   275 |   200 |       |       ||   583
       Plate armour      |       |       |       |   492 |   514 |   140 ||  1146
Dodge: Dodged            |    52 |    65 |    80 |   220 |   168 |    40 ||   625
Block: Kite shield       |    79 |   126 |   249 |   363 |   463 |   244 ||  1524
       Reflection        |       |       |       |       |     6 |    10 ||    16
